 Dungeon Crawl Stone Soup version 0.30.1-4-g462c640d31 (webtiles) character file.

Game seed: 3568649262261902611

224000 gay420 the Sorcerer (level 18, -7/95 HPs)
             Began as a Deep Elf Conjurer on Sept 5, 2023.
             Was the Champion of Vehumet.
             Mangled by a +4 lajatang of flaming (27 damage)
             ... on level 2 of the Elven Halls on Sept 6, 2023.
             The game lasted 04:20:21 (54126 turns).

gay420 the Sorcerer (Deep Elf Conjurer)            Turns: 54126, Time: 04:20:22

Health: -7/95      AC: 17    Str:  5    XL:     18   Next: 57%
Magic:  4/48       EV: 33    Int: 30    God:    Vehumet [******]
Gold:   3033       SH:  0    Dex: 18    Spells: 8/66 levels left

rFire   + . .        D - +5 lajatang "Sokaomonuf" {flame, rElec rN+ Str+5}
rCold   + . .        (shield currently unavailable)
rNeg    + + +        L - +4 troll leather armour
rPois   +            l - +2 helmet
rElec   +            G - scarf {repulsion}
rCorr   +            N - +2 pair of gloves
SInv    +            M - +1 pair of boots "Cefaaska" {rElec rN+++ Str-2 Dex+3}
Will    +....        c - amulet of the acrobat
Stlth   ++           u - ring of poison resistance
HPRegen 1.15/turn    Q - ring of see invisible
MPRegen 0.31/turn

%: repel missiles, acrobat
@: about to teleport, resistant, acrobatic, contaminated, glowing, studying Long
Blades
A: weak 1
}: 1/15 runes: barnacled
a: Renounce Religion


You were on level 2 of the Elven Halls.
You worshipped Vehumet.
Vehumet was exalted by your worship.
You visited 8 branches of the dungeon, and saw 34 of its levels.
You also visited: Ossuary.

You collected 5151 gold pieces.
You spent 2118 gold pieces at shops.

Inventory:

Hand Weapons
 D - the +5 lajatang "Sokaomonuf" (weapon) {flame, rElec rN+ Str+5}
   (You found it on level 7 of the Dungeon)

   Str:       It affects your strength (+5).
   rElec:     It insulates you from electricity.
   rN:        It protects you from negative energy.
Missiles
 j - 30 poisoned darts (quivered)
 p - 4 silver javelins
 R - 4 atropa-tipped darts
 Y - a throwing net
Armour
 b - +0 acid dragon scales
 l - a +2 helmet (worn)
 t - an orb of light
 w - the +4 leather armour "Itamnase" {rN++ Str+4}
   (You found it on level 12 of the Dungeon)

   Str:       It affects your strength (+4).
   rN:        It greatly protects you from negative energy.
 G - a scarf of repulsion (worn)
 L - a +4 troll leather armour (worn)
 M - the +1 pair of boots "Cefaaska" (worn) {rElec rN+++ Str-2 Dex+3}
   (You found it on level 14 of the Dungeon)

   Str:       It affects your strength (-2).
   Dex:       It affects your dexterity (+3).
   rElec:     It insulates you from electricity.
   rN:        It renders you almost immune to negative energy.
 N - a +2 pair of gloves (worn)
Magical Staves
 J - the staff of fire "Muthric" {rElec rF+ Str+7 Int-4 Dex+4}
   (You found it on level 4 of the Shoals)

   [staff of fire]

   Base accuracy: +5 Base damage: 5 Base attack delay: 1.2 This weapon's minimum
   attack delay (0.6) is reached at skill level 12.
   Str:       It affects your strength (+7).
   Int:       It affects your intelligence (-4).
   Dex:       It affects your dexterity (+4).
   rF:        It protects you from fire.
   rElec:     It insulates you from electricity.
   It falls into the 'Staves' category.
   It is a one-handed weapon.
 O - the staff of conjuration "Iqas" {rN+ Will++ Dex-3 SInv}
   (You found it on level 4 of the Shoals)

   [staff of conjuration]

   Base accuracy: +5 Base damage: 5 Base attack delay: 1.2 This weapon's minimum
   attack delay (0.6) is reached at skill level 12.
   Dex:       It affects your dexterity (-3).
   rN:        It protects you from negative energy.
   SInv:      It lets you see invisible.
   Will:      It greatly increases your willpower.
   It falls into the 'Staves' category.
   It is a one-handed weapon.
Jewellery
 a - a ring of positive energy
 c - an amulet of the acrobat (around neck)
 e - a ring of resist corrosion
 i - a +5 ring of evasion
 u - a ring of poison resistance (left hand)
 A - a ring of positive energy
 C - a ring of protection from fire
 F - a ring of magical power
 H - the ring of Past Mistakes {rElec AC+4}
   (You found it on level 1 of the Elven Halls)

   [ring of protection]

   AC:        It affects your AC (+4).
   rElec:     It insulates you from electricity.
 Q - a ring of see invisible (right hand)
 T - a +6 ring of dexterity
 X - a ring of protection from cold
Wands
 r - a wand of digging (24)
 v - a wand of paralysis (13)
 P - a wand of polymorph (22)
 U - a wand of roots (39)
Scrolls
 d - 7 scrolls of magic mapping
 f - 19 scrolls of identify
 h - 7 scrolls of amnesia
 k - 2 scrolls of fear
 m - 3 scrolls of teleportation
 s - 9 scrolls of poison
 E - 2 scrolls of butterflies
 V - a scroll of fog
Potions
 g - 7 potions of brilliance
 n - 5 potions of cancellation
 o - 8 potions of flight
 x - 9 potions of might
 z - 13 potions of curing
 B - 4 potions of invisibility
 I - 2 potions of mutation
 S - 4 potions of lignification
 Z - 8 potions of ambrosia
Miscellaneous
 y - a phial of floods


   Skills:
 + Level 4.7 Fighting
 + Level 2.5 Long Blades
 - Level 0.9 Staves
 + Level 4.0 Armour
 + Level 12.8 Dodging
 + Level 6.8 Stealth
 + Level 24.6 Spellcasting
 + Level 14.3 Conjurations
 + Level 6.5 Hexes
 + Level 7.3 Translocations
 + Level 7.4 Transmutations
 + Level 11.2 Fire Magic
 + Level 3.0 Ice Magic
 + Level 11.2 Air Magic
 + Level 13.1 Poison Magic
 + Level 0.8 Evocations


You had 8 spell levels left.
You knew the following spells:

 Your Spells              Type           Power      Damage    Failure   Level
a - Magic Dart            Conj           100%       1d8       0%          1
b - Searing Ray           Conj           100%       2d8       0%          2
c - Iskenderun's Mystic   Conj/Tloc      80%        2d16      1%          4
d - Fulminant Prism       Conj/Hex       39%        3d17      1%          4
e - Scorch                Fire           100%       2d9       0%          2
f - Dazzling Flash        Conj/Hex       100%       N/A       1%          3
g - Poisonous Vapours     Pois/Air       100%       N/A       0%          2
h - Freezing Cloud        Conj/Ice/Air   38%        6-21      1%          5
i - Orb of Destruction    Conj           44%        9d12      1%          7
j - Airstrike             Air            40%        2d(6-22)  1%          4
k - Fireball              Conj/Fire      42%        3d17      1%          5
l - Ignite Poison         Fire/Tmut/Pois 79%        N/A       1%          3
m - Plasma Beam           Fire/Air       40%        2x1d59    1%          6
n - Starburst             Conj/Fire      42%        6d12      1%          6
o - Cause Fear            Hex            33%        N/A       1%          4

Your spell library contained the following spells:

 Spells                   Type           Power      Damage    Failure   Level
 Yara's Violent Unravell  Hex/Tmut       34%        3d14      1%          5
 Foxfire                  Conj/Fire      100%       2x1d9     0%          1
 Momentum Strike          Conj/Tloc      100%       3d10      0%          2
 Static Discharge         Conj/Air       100%       2-7/arc   0%          2
 Slow                     Hex            100%       N/A       1%          1
 Blink                    Tloc           100%       N/A       1%          2
 Cigotuvi's Dreadful Rot  Necr/Pois/Air  100%       N/A       1%          2
 Ensorcelled Hibernation  Hex/Ice        100%       N/A       1%          2
 Lesser Beckoning         Tloc           100%       N/A       1%          2
 Passwall                 Tmut/Erth      46%        N/A       1%          2
 Wereblood                Tmut           69%        N/A       1%          2
 Confusing Touch          Hex            66%        N/A       1%          3
 Frozen Ramparts          Ice            100%       1d16      1%          3
 Spider Form              Tmut/Pois      78%        N/A       1%          3
 Summon Guardian Golem    Hex/Summ       54%        N/A       1%          3
 Swiftness                Air            81%        N/A       1%          3
 Volatile Blastmotes      Fire/Tloc      100%       2d18      1%          3
 Ice Form                 Ice/Tmut       62%        N/A       1%          4
 Manifold Assault         Tloc           69%        N/A       1%          4
 Sticky Flame             Conj/Fire      85%        2d10      1%          4
 Summon Lightning Spire   Summ/Air       63%        N/A       1%          4
 Irradiate                Conj/Tmut      40%        3d25      1%          5
 Iskenderun's Battlesphe  Conj           89%        2d14      1%          5
 Conjure Ball Lightning   Conj/Air       42%        3x3d15    1%          6
 Eringya's Noxious Bog    Tmut/Pois      39%        N/A       1%          6
 Petrify                  Tmut/Erth      56%        N/A       2%          4
 Iron Shot                Conj/Erth      34%        9d7       2%          6
 Vampiric Draining        Necr           36%        2d8       3%          3
 Summon Ice Beast         Ice/Summ       45%        N/A       7%          4
 Summon Forest            Summ/Tloc      28%        N/A       8%          5
 Dispersal                Tloc           34%        N/A       9%          6
 Spellforged Servitor     Conj/Summ      34%        N/A       14%         7
 Maxwell's Capacitive Co  Air            40%        ∞         21%         8
 Storm Form               Tmut/Air       37%        N/A       22%         7
 Statue Form              Tmut/Erth      37%        N/A       38%         6
 Enfeeble                 Hex            33%        N/A       58%         7
 Disjunction              Tloc           34%        N/A       98%         8
 Discord                  Hex            33%        N/A       99%         8
 Summon Hydra             Summ           18%        N/A       100%        7


Dungeon Overview and Level Annotations

Branches:
Dungeon (15/15)            Temple (0/1) D:5            Lair (5/5) D:11
 Shoals (4/4) Lair:2       Spider (2/4) Lair:2        Slime (2/5) Lair:5
    Orc (2/2) D:12            Elf (2/3) Orc:2        Vaults (0/5) D:13
 Depths (2/4) D:15        Ossuary (visited)

Altars:
Dithmenos
Fedhas
Kikubaaqudgha
Makhleb
Okawaru
Ru
Trog
Vehumet
Xom
Yredelemnul
Zin
Jiyva

Shops:
D:6 (   D:8 (*?   Orc:2 [?[*:   Shoals:3 *

Portals:
Hell: Depths:1
Pandemonium: Orc:2

Annotations:
D:12 SirLogeyBear's ghost, journeyman HOBe
Spider:2 Agnes
Depths:1 3 runed translucent doors, Pikuto's ghost, adept MiBe


Innate Abilities, Weirdness & Mutations

You are weak. (Str -2)


Message History

The deep elf knight points at you and mumbles some strange words.
The shard of ice misses you.
The water elemental is engulfed in blazing flames.
The water elemental completely misses you.
The deep elf knight mumbles some strange words.
The deep elf knight seems to speed up.
Your surroundings suddenly seem different.
A +4 lajatang of flaming and a +0 heavy scimitar come into view.
The +0 heavy scimitar moves out of view.
Hit: D) +5 lajatang "Sokaomonuf" {flame, rElec rN+ Str+5}
Press: ? - help, Dir - move target, f - you
Okay, then.
Casting: Ignite Poison (safe; 1% risk of failure)
Confirm with . or Enter, or press ? or * to list all spells.
You don't have enough magic to cast this spell.
Casting: Ignite Poison (safe; 1% risk of failure)
Confirm with . or Enter, or press ? or * to list all spells.
You don't have enough magic to cast this spell.
Hit: D) +5 lajatang "Sokaomonuf" {flame, rElec rN+ Str+5}
Press: ? - help, Dir - move target, f - +4 lajatang of flaming
Aim: a +4 lajatang of flaming (about 64% to evade the +5 lajatang "Sokaomonuf")
Okay, then.
Casting: Ignite Poison (safe; 1% risk of failure)
Confirm with . or Enter, or press ? or * to list all spells.
Okay, then.
As you read the scroll of teleportation, it crumbles to dust.
You feel strangely unstable.
The +4 lajatang of flaming barely misses you.
The deep elf pyromancer casts a spell.
The deep elf pyromancer blinks!
The +4 lajatang of flaming closely misses you.
A +2 battleaxe of flaming comes into view.
The +4 lajatang of flaming hits you!
* * * LOW HITPOINT WARNING * * *
The +4 lajatang of flaming burns you.
* * * LOW HITPOINT WARNING * * *
The +4 lajatang of flaming attacks as you move away!
The +4 lajatang of flaming completely misses you.
The +4 lajatang of flaming hits you!!
You die...

#..#.........#....#..(..
#.#...........#..#.)..).
#.............##....)..
#..........(..##...e...
.#...........#..#......
..#.........#....#e....
...#.......#......#....
#....#.(...#........#...
##....#@e.#....##....#.§
##....###....####....##
##### ##### #####


You could see a deep elf pyromancer and 2 dancing weapons.

Vanquished Creatures
  Mlioglotl (Shoals:1)
  An acid blob (Slime:1)
  Kirke (Lair:3)
  Roxanne (Shoals:1)
  A storm dragon (Shoals:4)
  3 deep elf sorcerers (Elf:1)
  2 frost giants (Depths:1)
  A juggernaut zombie (Depths:1)
  2 ghost moths (Lair:2)
  3 stone giants (Depths:1)
  2 quicksilver oozes
  A broodmother (Spider:1)
  5 very ugly things (Depths:1)
  A deep elf demonologist (Elf:2)
  Nessos (D:12)
  A dire elephant (Lair:5)
  A deep elf annihilator (Elf:1)
  6 spark wasps
  7 merfolk javelineers
  10 merfolk impalers
  2 ettins (Depths:1)
  3 great orbs of eyes
  3 rakshasas
  3 ice dragons
  A spriggan air mage (Depths:1)
  7 hydras
  A catoblepas (Lair:2)
  2 demonspawn (Orc:2)
  An ogre mage (D:15)
  A jorogumo (shapeshifter) (D:15)
  7 merfolk aquamancers
  7 centaur warriors
  4 merfolk avatars
  2 satyrs (Shoals:3)
  7 two-headed ogres
  6 boulder beetles
  7 dancing weapons
  5 sun demons (Shoals:2)
  10 tengu warriors
  5 orc high priests
  9 deep elf knights
  A salamander mystic (Depths:2)
  9 skysharks
  A sun moth (Shoals:2)
  A spark wasp zombie (Depths:1)
  A pharaoh ant (Spider:1)
  9 sea snakes
  2 orb spiders (Spider:1)
  A glowing orange brain (D:15)
  A wizard (D:12)
  8 harpies
  2 necromancers (Depths:1)
  2 steelbarb worms
  A lindwurm (Lair:2)
  7 deep elf archers
  3 oklob plants
  7 orc sorcerers (Orc:2)
  9 orc knights
  12 deep elf zephyrmancers
  20 deep elf pyromancers
  2 salamanders (Depths:2)
  4 wolf spiders
  A sphinx skeleton (Depths:1)
  28 ugly things
  11 cyclopes
  A tengu skeleton (Depths:1)
  12 fauns
  17 manticores
  16 elephants
  A moth of wrath (shapeshifter) (D:15)
  A moth of wrath (Spider:1)
  4 black mambas
  A demonic crawler (Lair:2)
  4 merfolk sirens
  3 torpor snails
  7 water nymphs
  A rust devil (Orc:2)
  A gargoyle (D:11)
  12 cane toads
  A storm dragon simulacrum (Depths:1)
  An efreet (D:13)
  8 rime drakes
  A tengu conjurer (D:13)
  7 komodo dragons
  5 trolls
  13 merfolk
  A polar bear (shapeshifter) (D:13)
  A hellwing (Orc:2)
  A hornet (Spider:1)
  3 meliai (D:14)
  7 wind drakes
  4 polar bears
  9 tarantellas (Spider:1)
  A stone giant simulacrum (Depths:1)
  18 blink frogs
  15 dream sheep
  3 shadows (D:12)
  8 snapping turtles
  47 slime creatures
  3 jumping spiders
  A culicivora (shapeshifter) (Depths:1)
  3 air elementals
  7 wyverns
  37 yaks
  5 culicivoras (Spider:1)
  32 water elementals
  2 wraiths
  6 basilisks
  3 fire bats (Depths:2)
  2 steam dragons (Lair:5)
  5 vampire mosquitoes (D:13)
  19 redbacks
  2 two-headed ogre zombies (D:12)
  A warg (Orc:1)
  Edmund (D:4)
  4 acid dragons
  7 water moccasins
  23 orc warriors
  2 ice beasts
  3 black bears
  A sky beast (D:7)
  4 ogres
  3 boggarts (D:15)
  5 centaurs
  3 phantoms
  A kobold brigand (D:9)
  8 bullfrogs
  2 gnoll sergeants
  2 scorpions (D:4)
  5 water moccasin zombies (Ossuary)
  13 wights
  13 killer bees
  A troll zombie (D:12)
  5 howler monkeys
  2 vampire bats (D:3)
  A jelly (D:6)
  3 hounds
  A gnoll bouda (D:8)
  23 orc priests
  2 sleepcaps
  4 iguanas
  15 orc wizards
  6 hell rats (Lair:5)
  Natasha (twice) (D:3)
  5 ogre zombies (D:12)
  A boggart simulacrum (D:11)
  2 mummies (Ossuary)
  Robin (D:4)
  11 gnolls
  6 adders
  2 white imps
  An ufetubus (D:7)
  7 adder zombies (Ossuary)
  A worm (D:2)
  2 dart slugs
  52 orcs
  10 ball pythons
  4 bats
  2 bat skeletons (D:3)
  3 bat zombies (D:3)
  3 endoplasms
  2 giant cockroaches (D:1)
  5 gnoll zombies (Ossuary)
  14 goblins
  10 hobgoblins
  13 kobolds
  3 frilled lizards (D:1)
  A goblin skeleton (D:12)
  8 goblin zombies
  6 hobgoblin zombies
  4 kobold zombies (Ossuary)
  3 orc skeletons (D:12)
  12 orc zombies
  5 rats
  7 fulminant prisms
1021 creatures vanquished.

Vanquished Creatures (others)
  A fire dragon (Depths:2)
  A wizard (D:5)
  4 humans (Lair:3)
  An orc wizard (D:13)
  118 fulminant prisms
125 creatures vanquished.

Grand Total: 1146 creatures vanquished

Notes
Turn   | Place    | Note
-------+----------+-------------------------------------------
     0 | D:1      | gay420 the Deep Elf Conjurer began the quest for the Orb.
     0 | D:1      | Reached XP level 1. HP: 10/10 MP: 6/6
   149 | D:1      | Reached XP level 2. HP: 15/15 MP: 2/8
   312 | D:1      | Reached skill level 5 in Conjurations
   379 | D:1      | Learned a level 2 spell: Searing Ray
  1268 | D:1      | Reached XP level 3. HP: 19/19 MP: 7/9
  1977 | D:2      | Found a radiant altar of Vehumet.
  1990 | D:2      | Became a worshipper of Vehumet
  2790 | D:3      | Identified the +10 mace "Dibagol" {spect, rF+}
  2832 | D:3      | Reached XP level 4. HP: 24/24 MP: 7/11
  2887 | D:3      | Noticed Natasha
  2892 | D:3      | Killed Natasha
  3104 | D:3      | Found an ancient bone altar of Kikubaaqudgha.
  3108 | D:3      | Reached XP level 5. HP: 28/28 MP: 8/12
  3110 | D:3      | Reached skill level 4 in Spellcasting
  3337 | D:3      | Noticed Natasha
  3341 | D:3      | Killed Natasha
  3559 | D:3      | Reached * piety under Vehumet
  3559 | D:3      | Offered knowledge of Sandblast by Vehumet.
  3613 | D:3      | Learned a level 4 spell: Iskenderun's Mystic Blast
  3618 | D:3      | Learned a level 4 spell: Fulminant Prism
  4040 | D:4      | Noticed a phantom
  4047 | D:4      | Killed a phantom
  4048 | D:4      | Reached skill level 5 in Spellcasting
  4048 | D:4      | Reached XP level 6. HP: 32/32 MP: 9/15
  4054 | D:4      | Noticed Edmund
  4526 | D:4      | Killed Edmund
  4930 | D:4      | Reached skill level 6 in Spellcasting
  4930 | D:4      | Reached XP level 7. HP: 36/36 MP: 11/18
  5124 | D:4      | Noticed Robin
  5129 | D:4      | Killed Robin
  5130 | D:4      | Reached skill level 1 in Translocations
  5389 | D:4      | Found a sacrificial altar of Ru.
  5389 | D:4      | Found a burning altar of Makhleb.
  5635 | D:5      | Entered Level 5 of the Dungeon
  5866 | D:5      | Found a staircase to the Ecumenical Temple.
  6069 | D:5      | Found a bloodstained altar of Trog.
  6071 | D:5      | Noticed a wizard
  6075 | D:5      | Killed a wizard
  6187 | D:5      | Found a sand-covered staircase.
  6195 | Ossuary  | Entered an ossuary
  6229 | Ossuary  | Reached skill level 7 in Spellcasting
  6396 | Ossuary  | Reached skill level 1 in Long Blades
  6621 | Ossuary  | Reached XP level 8. HP: 41/42 MP: 10/20
  6637 | Ossuary  | Offered knowledge of Scorch by Vehumet.
  6718 | Ossuary  | Learned a level 2 spell: Scorch
  6723 | Ossuary  | Reached ** piety under Vehumet
  7108 | D:5      | Reached skill level 1 in Hexes
  7404 | D:5      | Reached skill level 1 in Fighting
  7954 | D:6      | Reached skill level 8 in Spellcasting
  8578 | D:6      | Reached skill level 1 in Fire Magic
  8839 | D:6      | Found Oheginuu's Weapon Shop.
  9043 | D:7      | Reached XP level 9. HP: 33/49 MP: 21/23
  9103 | D:7      | Learned a level 3 spell: Dazzling Flash
  9134 | D:7      | Offered knowledge of Poisonous Vapours by Vehumet.
  9179 | D:7      | Learned a level 2 spell: Poisonous Vapours
  9224 | D:7      | Found a blossoming altar of Fedhas.
  9247 | D:7      | Noticed an oklob plant
  9616 | D:7      | Killed an oklob plant
  9617 | D:7      | Reached skill level 5 in Dodging
  9617 | D:7      | Reached skill level 5 in Stealth
  9754 | D:7      | Identified the +5 lajatang "Sokaomonuf" {flame, rElec rN+
                  | Str+5}
  9774 | D:7      | Reached skill level 9 in Spellcasting
  9777 | D:7      | Reached *** piety under Vehumet
 10236 | D:7      | Noticed a boulder beetle
 10469 | D:7      | Offered knowledge of Sticky Flame by Vehumet.
 10984 | D:7      | Found a shadowy altar of Dithmenos.
 11443 | D:8      | Found a radiant altar of Vehumet.
 11448 | D:8      | Reached skill level 10 in Spellcasting
 11495 | D:8      | Found a shimmering altar of Xom.
 11495 | D:8      | Found a glowing silver altar of Zin.
 11495 | D:8      | Noticed an angel
 11512 | D:8      | Reached skill level 1 in Air Magic
 11571 | D:8      | Reached **** piety under Vehumet
 11862 | D:8      | Found Zoekowk's Antique Weapon Boutique.
 11907 | D:8      | Learned a level 4 spell: Sticky Flame
 11939 | D:8      | Reached XP level 10. HP: 56/56 MP: 22/26
 11947 | D:8      | Found Nierav's Magic Scroll Emporium.
 12036 | D:8      | Bought a scroll of identify for 32 gold pieces
 12036 | D:8      | Bought a scroll of identify for 32 gold pieces
 12036 | D:8      | Bought a scroll of identify for 32 gold pieces
 12036 | D:8      | Bought a scroll of fear for 64 gold pieces
 12199 | D:8      | Found Caiv's General Store.
 12205 | D:8      | Bought a +0 helmet for 63 gold pieces
 12579 | D:9      | Offered knowledge of Irradiate by Vehumet.
 12586 | D:9      | Learned a level 5 spell: Irradiate
 12876 | D:9      | Reached skill level 11 in Spellcasting
 13212 | D:9      | Reached skill level 10 in Conjurations
 13716 | D:9      | Reached skill level 1 in Poison Magic
 14263 | D:10     | Entered Level 10 of the Dungeon
 14691 | D:10     | Reached skill level 12 in Spellcasting
 14691 | D:10     | Reached skill level 5 in Hexes
 15542 | D:11     | Noticed a boulder beetle
 15551 | D:11     | Killed a boulder beetle
 15552 | D:11     | Reached XP level 11. HP: 61/61 MP: 17/29
 15909 | D:11     | Reached ***** piety under Vehumet
 16234 | D:11     | Learned a level 4 spell: Airstrike
 16237 | D:11     | Learned a level 2 spell: Passwall
 16276 | D:11     | Noticed an oklob plant
 16276 | D:11     | Noticed a two-headed ogre
 16288 | D:11     | Killed a two-headed ogre
 16342 | D:11     | Noticed an oklob plant
 16394 | D:11     | Noticed a six-headed hydra
 16397 | D:11     | Killed a six-headed hydra
 16500 | D:11     | Noticed a two-headed ogre
 16528 | D:11     | Killed a two-headed ogre
 16529 | D:11     | Reached skill level 13 in Spellcasting
 16691 | D:11     | Noticed a purple ugly thing
 16693 | D:11     | Noticed a red ugly thing
 16701 | D:11     | Killed a red ugly thing
 17227 | D:11     | Found a staircase to the Lair.
 17304 | D:11     | Killed an oklob plant
 17310 | D:11     | Killed an oklob plant
 17311 | D:11     | Reached skill level 1 in Armour
 17390 | Lair:1   | Entered Level 1 of the Lair of Beasts
 17903 | Lair:1   | Offered knowledge of Fireball by Vehumet.
 17912 | Lair:1   | Learned a level 5 spell: Fireball
 18222 | Lair:1   | Reached skill level 14 in Spellcasting
 18939 | Lair:2   | Found a dark tunnel.
 18983 | Lair:2   | Found a staircase to the Shoals.
 19170 | Lair:2   | Noticed a lindwurm
 19173 | Lair:2   | Killed a lindwurm
 19174 | Lair:2   | Reached XP level 12. HP: 45/66 MP: 20/32
 19256 | Lair:2   | Found a hole to the Spider Nest.
 19522 | Lair:2   | Noticed a catoblepas
 19536 | Lair:2   | Killed a catoblepas
 19537 | Lair:2   | Reached skill level 5 in Fire Magic
 20661 | Lair:3   | Learned a level 3 spell: Ignite Poison
 20668 | Lair:3   | Learned a level 5 spell: Freezing Cloud
 20678 | Lair:3   | Noticed Kirke
 20684 | Lair:3   | Noticed an eight-headed hydra
 20689 | Lair:3   | Killed Kirke
 20690 | Lair:3   | Reached skill level 15 in Spellcasting
 21102 | Lair:3   | Killed an eight-headed hydra
 21565 | Lair:3   | Reached skill level 10 in Dodging
 21565 | Lair:3   | Reached skill level 1 in Ice Magic
 22391 | Lair:4   | Found a basalt altar of Yredelemnul.
 22399 | Lair:4   | Identified the +0 plate armour "Jugyuvepn" {*Slow rN+++
                  | rCorr Int+2}
 22521 | Lair:4   | Learned a level 7 spell: Orb of Destruction
 22549 | Lair:4   | Reached skill level 1 in Transmutations
 22749 | Lair:4   | Reached skill level 5 in Air Magic
 22749 | Lair:4   | Reached XP level 13. HP: 70/70 MP: 17/34
 23106 | Lair:4   | Reached skill level 5 in Poison Magic
 23111 | Lair:4   | Reached skill level 16 in Spellcasting
 23593 | Lair:4   | Got the Tome of the Wyrd
 23775 | Lair:5   | Entered Level 5 of the Lair of Beasts
 23902 | Lair:4   | Identified a scroll of acquirement
 23902 | Lair:4   | Acquired 1031 gold pieces
 24330 | Lair:5   | Found a viscous altar of Jiyva.
 24330 | Lair:5   | Found a staircase to the Slime Pits.
 25220 | Lair:5   | Reached skill level 17 in Spellcasting
 25303 | Lair:5   | Noticed a dire elephant
 25308 | Lair:5   | Killed a dire elephant
 26224 | Lair:5   | Reached XP level 14. HP: 76/76 MP: 35/37
 26585 | Slime:1  | Entered Level 1 of the Pits of Slime
 26590 | Slime:1  | Noticed an acid blob
 26598 | Slime:1  | Killed an acid blob
 26605 | Slime:1  | Noticed a quicksilver ooze
 26725 | Slime:1  | Killed a quicksilver ooze
 27306 | Slime:2  | Noticed a rockslime
 27306 | Slime:2  | Noticed an acid blob
 27327 | Slime:2  | Noticed a quicksilver ooze
 27336 | Slime:2  | Killed a quicksilver ooze
 28515 | D:12     | Noticed Nessos
 28518 | D:12     | Killed Nessos
 28840 | D:12     | Found a staircase to the Orcish Mines.
 28863 | Orc:1    | Entered Level 1 of the Orcish Mines
 29046 | Orc:2    | Entered Level 2 of the Orcish Mines
 29191 | Orc:2    | Found a staircase to the Elven Halls.
 29200 | Orc:2    | Found Cisac's Antique Armour Emporium.
 29639 | Orc:2    | Found Uwozxor's General Store.
 29640 | Orc:2    | Found Pegrez's Magic Scroll Emporium.
 29751 | Orc:2    | Bought a scroll of blinking for 120 gold pieces
 29753 | Orc:2    | Bought a scroll of identify for 24 gold pieces
 29753 | Orc:2    | Bought a scroll of identify for 24 gold pieces
 29753 | Orc:2    | Bought a scroll of poison for 48 gold pieces
 29753 | Orc:2    | Bought a scroll of enchant weapon for 90 gold pieces
 29753 | Orc:2    | Bought a scroll of enchant armour for 90 gold pieces
 29753 | Orc:2    | Bought a scroll of identify for 24 gold pieces
 29755 | Orc:2    | Bought a scroll of poison for 64 gold pieces
 29762 | Orc:2    | Learned a level 6 spell: Plasma Beam
 29791 | Orc:2    | Reached skill level 18 in Spellcasting
 29979 | Orc:2    | Paralysed by an orc sorcerer for 4 turns
 30039 | Orc:2    | Reached skill level 5 in Translocations
 30717 | Orc:2    | Found Xar Tada's Book Boutique.
 30717 | Orc:2    | Found Nimnifren's Antique Armour Shop.
 30719 | Orc:2    | Found a one-way gate leading to the halls of Pandemonium.
 30728 | Orc:2    | Bought a manual of Long Blades for 1360 gold pieces
 31593 | D:12     | Found a runed translucent gate.
 31593 | D:12     | Found a runed translucent gate.
 31593 | D:12     | Found a runed translucent gate.
 31598 | D:12     | Noticed SirLogeyBear's ghost (journeyman HOBe)
 31601 | D:12     | Found an iron altar of Okawaru.
 31820 | D:13     | Reached ****** piety under Vehumet
 31831 | D:13     | Reached skill level 19 in Spellcasting
 31918 | D:13     | Offered knowledge of Flame Wave by Vehumet.
 31988 | D:13     | Reached XP level 15. HP: 80/80 MP: 8/40
 32528 | D:13     | Found a gate to the Vaults.
 33711 | D:14     | Identified the +1 pair of boots "Cefaaska" {rElec rN+++
                  | Str-2 Dex+3}
 34696 | D:15     | Entered Level 15 of the Dungeon
 34769 | D:15     | Offered knowledge of Ozocubu's Refrigeration by Vehumet.
 35050 | D:15     | Reached skill level 20 in Spellcasting
 36085 | D:15     | Found a staircase to the Depths.
 36094 | Depths:1 | Entered Level 1 of the Depths
 36120 | Depths:1 | Found a gateway to Hell.
 37276 | Depths:1 | Learned a level 6 spell: Starburst
 37299 | Depths:1 | Noticed a frost giant
 37300 | Depths:1 | Reached XP level 16. HP: 86/86 MP: 38/42
 37304 | Depths:1 | Reached skill level 10 in Poison Magic
 37799 | Depths:1 | Reached skill level 21 in Spellcasting
 39330 | Depths:1 | Offered knowledge of Lee's Rapid Deconstruction by Vehumet.
 39820 | Depths:1 | Found a runed translucent gate.
 39821 | Depths:1 | Found a runed translucent gate.
 39822 | Depths:1 | Noticed an ancient lich
 39822 | Depths:1 | Found a runed translucent gate.
 39823 | Depths:1 | Noticed an ancient lich
 39823 | Depths:1 | Noticed Pikuto's ghost (adept MiBe)
 39824 | Depths:1 | Found the +8 autumn katana {manifold assault}
 42023 | Spider:1 | Entered Level 1 of the Spider Nest
 42106 | Spider:1 | Reached skill level 22 in Spellcasting
 42714 | Spider:1 | HP: 4/86 [something (6)]
 43674 | Spider:1 | Found the +9 sword of Power {lifebolt}
 43749 | Spider:1 | Reached skill level 5 in Transmutations
 45223 | Spider:2 | Noticed Agnes
 45468 | Shoals:1 | Entered Level 1 of the Shoals
 45900 | Shoals:1 | Learned a level 4 spell: Cause Fear
 45900 | Shoals:1 | Identified Roxanne's Spellbook of Alteration
 45900 | Shoals:1 | Noticed Roxanne
 45915 | Shoals:1 | Killed Roxanne
 45916 | Shoals:1 | Reached XP level 17. HP: 90/90 MP: 15/45
 46109 | Shoals:1 | Noticed Mlioglotl
 46116 | Shoals:1 | Killed Mlioglotl
 46211 | Shoals:1 | Reached skill level 10 in Air Magic
 48170 | Shoals:3 | Offered knowledge of Iron Shot by Vehumet.
 48171 | Shoals:3 | Reached skill level 23 in Spellcasting
 48342 | Shoals:3 | Found Jiosij's General Store.
 48351 | Shoals:3 | Bought a scroll of teleportation for 51 gold pieces
 48869 | Shoals:3 | Reached skill level 10 in Fire Magic
 48920 | Shoals:4 | Entered Level 4 of the Shoals
 49794 | Shoals:4 | Offered knowledge of Yara's Violent Unravelling by Vehumet.
 50168 | Shoals:4 | Identified the staff of fire "Muthric" {rElec rF+ Str+7
                  | Int-4 Dex+4}
 50171 | Shoals:4 | Got the Atlas of Direction and the Xenolith
 50174 | Shoals:4 | Identified the staff of conjuration "Iqas" {rN+ Will++
                  | Dex-3 SInv}
 50177 | Shoals:4 | Got a barnacled rune of Zot
 50555 | Shoals:4 | Reached XP level 18. HP: 95/95 MP: 38/47
 52135 | D:12     | Identified the +4 leather armour "Itamnase" {rN++ Str+4}
 52653 | Elf:1    | Entered Level 1 of the Elven Halls
 52706 | Elf:1    | Reached skill level 24 in Spellcasting
 52725 | Elf:1    | Identified the ring of Past Mistakes {rElec AC+4}
 53514 | Elf:1    | Got Gelilaza's Omnibus of Blasting
 54115 | Elf:2    | Gained mutation: You are weak. (Str -2) [mutagenic glow]
 54126 | Elf:2    | Mangled by a +4 lajatang of flaming

Illustrated notes

Levels and vault maps discovered:
D:1:      eino_arrival_water_star, layout_basic, minmay_shallow_snake_nest
D:2:      minmay_chambers_of_ones, layout_loops_corners, basic_altar
D:3:      layout_loops_corners, kennysheep_vampire_church, amethyst_killhole,
          palyth_stone_intersect, grunt_decor_mini_mirrors, uniq_natasha
D:4:      layout_basic, minitemple, minmay_tree_intersection,
          corexii_mini_fake_secret_closet, uniq_edmund, uniq_robin
D:5:      layout_basic, trog_wizard, minmay_temple_entry_large_hall,
          enter_ossuary_4
D:6:      layout_basic, serial_shops, shop
D:7:      layout_loops_corners, tgw_fedhas, grunt_dithmenos_smoke_and_mirrors,
          minmay_misc_feat_room, lightli_corner_chamber
D:8:      layout_basic, grunt_temple_overflow_order_and_chaos_1,
          nicolae_vehumet_altar_sigil, serial_shops, shop, nicolae_diamond_shop,
          shop_fountains
D:9:      layout_layer_cave, moated_statue, hangedman_abyss_or_decor_lesser_grid
D:10:     layout_loops_ring, nicolae_benzene_ring, dk_rats_in_the_wall
D:11:     minmay_inside_and_out, layout_gridville, dpeg_oklobed_lair
D:12:     layout_irregular_city, zombieorc2_lemuel,
          gammafunk_ghost_fury_of_okawaru, uniq_nessos
D:13:     minmay_the_grid_3x3 [minmay_the_grid_square_x,
          minmay_the_grid_dragon_b, minmay_the_grid_garden,
          minmay_the_grid_tree, minmay_the_grid_expand,
          minmay_the_grid_holed_spiral, minmay_the_grid_zigzag_pyramid,
          minmay_the_grid_fan, minmay_the_grid_prize_big_room],
          layout_stronghold, gauntlet_entry_generic, statue_in_the_mist_lemuel
D:14:     layout_stronghold, kennysheep_generic_room_12
D:15:     gammafunk_enter_depths_forms, layout_gridville
Lair:1:   layout_regular_city, grunt_megastairs_1
Lair:2:   layout_chaotic_city, minmay_shoals_entry_hut, spider_nest_entry_a,
          nicolae_volcano_entry_two_sided
Lair:3:   layout_small_grid, chequers_serial_rivers_micro_c, grunt_megastairs_2,
          lemuel_fruit_tree, infiniplex_staircase_pool, serial_bayou_shore_b,
          uniq_kirke
Lair:4:   layout_roguey, basic_altar, chequers_serial_rivers_micro_e,
          serial_bayou_shore_b, lemuel_fruit_fields
Lair:5:   gammafunk_lair_ancient_temple, layout_cave_shapes, slime_entry_1
Shoals:1: layout_shoals, uniq_mlioglotl, uniq_roxanne
Shoals:2: layout_shoals, nicolae_shoals_bring_sunscreen
Shoals:3: layout_shoals, serial_shops, shop
Shoals:4: shoals_end_hellmonk_storm_palace [storm_palace_center_square,
          storm_palace_corner_narrow, storm_palace_corner_grid,
          storm_palace_corner_grid, storm_palace_corner_pillars], serial_shops
Spider:1: layout_spider_delve, drop_trap, nicolae_spider_paper_wasps
Spider:2: nicolae_spider_hilbert_zone_7 [nicolae_spider_hilbert_4_sides_1_open,
          nicolae_spider_hilbert_4_sides_1_open,
          nicolae_spider_hilbert_4_sides_1_open,
          nicolae_spider_hilbert_4_sides_1_open,
          nicolae_spider_hilbert_3_sides_1_open,
          nicolae_spider_hilbert_3_sides_1_open,
          nicolae_spider_hilbert_3_sides_1_open,
          nicolae_spider_hilbert_3_sides_1_open,
          nicolae_spider_hilbert_4_sides_1_open,
          nicolae_spider_hilbert_4_sides_1_open,
          nicolae_spider_hilbert_4_sides_1_open,
          nicolae_spider_hilbert_2_sides_1_open,
          nicolae_spider_hilbert_2_sides_1_open,
          nicolae_spider_hilbert_2_sides_1_open,
          nicolae_spider_hilbert_2_sides_1_open,
          nicolae_spider_hilbert_2_sides_1_open,
          nicolae_spider_hilbert_2_sides_1_open], uniq_frances, uniq_agnes,
          uniq_arachne
Slime:1:  layout_caves
Slime:2:  layout_caves
Orc:1:    layout_caves
Orc:2:    pf_orc_diabolical, layout_caves, serial_shops, shop
Elf:1:    layout_geoelf_grid, serial_corexii_hall, corexii_hall_statues_x,
          corexii_hall_statues_l, corexii_hall_statues_i, minmay_elf_sorcery
Elf:2:    nicolae_elf_blades_splatter_lattice [infiniplex_blade_entry_pillars],
          layout_geoelf_diagonals, nicolae_fountain_basement
Depths:1: layout_gridlike, gammafunk_ghost_necromancy, hell_entry,
          minmay_misc_feat_encased, minislime_mu
Depths:2: emtedronai_trogs_sanctum, layout_basic, serial_shops, freezing_bzr,
          lemuel_crystal_altar, pan_entry, grunt_metal_band,
          nicolae_elemental_shop, serial_bayou_shore_b,
          infiniplex_staircase_river

Skill      XL: |  1  2  3  4  5  6  7  8  9 10 11 12 13 14 15 16 17 18 |
---------------+-------------------------------------------------------+-----
Conjurations   | 5 6 7 8 9 10 11 12 13 14 | 14.3
Stealth        | 3 4 5 6 |  6.8
Spellcasting   | 5 6 7 8 10 12 14 15 17 19 20 22 23 24 | 24.6
Translocations | 2 3 4 5 6 7 |  7.3
Long Blades    | 1 2 |  2.5
Dodging        | 3 4 6 7 8 10 11 12 | 12.8
Hexes          | 2 3 5 6 |  6.5
Fighting       | 2 3 4 |  4.7
Fire Magic     | 1 2 3 4 5 6 7 8 9 10 11 | 11.2
Air Magic      | 1 2 3 5 6 8 9 10 11 | 11.2
Poison Magic   | 1 2 4 6 7 9 10 12 13 | 13.1
Armour         | 1 2 3 4 |  4.0
Ice Magic      | 1 2 3 |  3.0
Transmutations | 1 2 3 4 5 6 7 |  7.4
Staves         | |  0.9
Evocations     | |  0.8

Action                     |  1- 3 |  4- 6 |  7- 9 | 10-12 | 13-15 | 16-18 || total
---------------------------+-------+-------+-------+-------+-------+-------++-------
  Melee: Great sword       |       |       |    89 |    10 |    10 |       ||   109
         Lajatang          |       |       |       |       |       |    25 ||    25
  Throw: Throwing net      |       |       |       |       |     1 |       ||     1
         Dart              |       |       |       |       |       |     1 ||     1
   Cast: Magic Dart        |    77 |    31 |    20 |     1 |    10 |     3 ||   142
         Searing Ray       |     2 |    11 |    48 |    34 |    39 |    29 ||   163
         Iskenderun's Myst |       |     5 |    14 |    54 |   105 |    94 ||   272
         Fulminant Prism   |       |       |    44 |    48 |    18 |    15 ||   125
         Scorch            |       |       |    13 |    33 |    25 |    17 ||    88
         Poisonous Vapours |       |       |     5 |    55 |   196 |   255 ||   511
         Dazzling Flash    |       |       |     5 |    13 |     4 |       ||    22
         Airstrike         |       |       |       |    22 |    64 |     6 ||    92
         Fireball          |       |       |       |     9 |    50 |    58 ||   117
         Ignite Poison     |       |       |       |    19 |   127 |   195 ||   341
         Orb of Destructio |       |       |       |     3 |    44 |    66 ||   113
         Freezing Cloud    |       |       |       |     3 |    19 |    23 ||    45
         Plasma Beam       |       |       |       |       |     2 |     5 ||     7
         Starburst         |       |       |       |       |       |     2 ||     2
  Evoke: Wand              |       |       |       |       |       |     3 ||     3
    Use: Scroll            |       |     8 |     3 |    18 |    17 |    28 ||    74
         Potion            |       |     1 |     1 |       |     9 |    22 ||    33
   Stab: Sleeping          |       |       |     3 |       |       |       ||     3
         Invisible         |       |       |       |     1 |       |       ||     1
 Armour: Robe              |     3 |     1 |     9 |     1 |       |       ||    14
         Troll leather arm |       |       |       |     7 |    29 |    95 ||   131
  Dodge: Dodged            |     2 |     7 |    97 |    60 |   139 |   394 ||   699
         Repelled          |       |       |       |       |       |    11 ||    11
